AoeStats
← Beto41354

Arabia

510266912Analyzed
1v1 RM · 1d ago on Sep 30, 2026· 44m 59s· 2 players
Game mode
Random Map
Map size
Tiny (2 player)
Population
200
Speed
Normal
Resources
Standard
Victory
Conquest
Starting age
Dark Age
Ending age
Imperial Age
RankedLock teamsTeams togetherTeam positionsShared explorationLock speedFull tech treeHidden civsTurbo modeCheats
Victory
Defeat
🇦🇷 Turks · Argentina
612
+18
🇹🇼 Saxons · Taiwan
654
-18
Beto41354
8:12 Loom
10:40 Feudal Age
11:21 Double-Bit Axe
11:25 Horse Collar
16:32 Bloodlines
18:49 Scale Barding Armor
22:23 Castle Age
21:37 Stone Mining
22:32 Forging
23:54 Chain Barding Armor
24:34 Gold Mining
25:51 Fletching
30:22 Bow Saw
35:13 Imperial Age
34:58 Heavy Plow
35:37 Wheelbarrow
38:12 Hoardings
40:07 Plate Barding Armor
41:17 Elite Janissary
p46141350
8:43 Loom
10:51 Feudal Age
12:23 Double-Bit Axe
15:36 Horse Collar
17:52 Town Watch
19:30 Fletching
21:56 Wheelbarrow
25:46 Castle Age
28:38 Hand Cart
28:22 Bodkin Arrow
29:15 Bow Saw
28:58 Gold Mining
31:40 Thumb Ring
36:36 Padded Archer Armor
36:53 Elite Skirmisher
39:32 Scale Mail Armor
39:43 Forging
39:23 Arson
39:26 Gambesons
39:41 Squires
44:52 Imperial Age
Connection lost

Rejoining the realm…

Still unreachable

The connection could not be restored.

Session expired

The server has moved on; the page needs a fresh start.